AoeStats
← Křovák

Black Forest

503837776Analyzed
1v1 RM · 1mo ago on Sep 2, 2026· 40m 47s· 2 players
Game mode
Random Map
Map size
Tiny (2 player)
Population
200
Speed
Normal
Resources
Standard
Victory
Conquest
Starting age
Dark Age
Ending age
Imperial Age
RankedLock teamsTeams togetherTeam positionsShared explorationLock speedFull tech treeHidden civsTurbo modeCheats
Victory
Defeat
🇷🇴 Burgundians · Romania
873
+17
🇨🇿 Turks · Czechia
903
-17
Křovák
10:53 Loom
12:38 Feudal Age
15:19 Fletching
16:49 Double-Bit Axe
19:18 Castle Age
26:11 Horse Collar
29:31 Heavy Plow
30:37 Bodkin Arrow
36:28 Imperial Age
33:43 Town Watch
35:16 Bow Saw
36:48 Fortified Wall
40:23 Ballistics
39:58 Murder Holes
soks_onbmx
0:41 Loom
13:48 Feudal Age
19:39 Castle Age
18:33 Forging
20:00 Cavalier
24:14 Fletching
27:37 Double-Bit Axe
35:17 Imperial Age
33:18 Horse Collar
33:42 Stone Mining
34:10 Husbandry
41:01 Wheelbarrow
40:18 Gold Mining
Connection lost

Rejoining the realm…

Still unreachable

The connection could not be restored.

Session expired

The server has moved on; the page needs a fresh start.